[Event "Titled Tuesday Blitz October 12 2021"]
[White "Pichot, Alan"]
[Black "Milchev, Nikolay"]
[WhiteFideId "110973"]
[BlackFideId "2906090"]
[WhiteElo "2600"]
[BlackElo "2449"]
[Result "1-0"]
[Round "02"]
[TimeControl "180+1"]
[Date "2021.10.12"]
[WhiteClock "0:00:57"]
[BlackClock "0:00:47"]

1. e4 e5 2. Nf3 Nc6 3. Bb5 Nge7 4. Nc3 a6 5. Ba4 Ng6 6. h4 h6 7. d3 d6 8. h5 Ne7 9. Bb3 Bg4 10. Be3 Qd7 11. Qd2 Na5 12. O-O-O Nxb3+ 13. axb3 c5 14. Rde1 O-O-O 15. Nh4 Bxh5 16. f3 Bg6 17. g4 Bh7 18. Nf5 f6 19. Nxe7+ Bxe7 20. Nd5 Kb8 21. Qa5 Rde8 22. b4 Bd8 23. Qa3 cxb4 24. Qxb4 Qb5 25. Qxd6+ Ka8 26. Qxd8+ Rxd8 27. Nc7+ Kb8 28. Nxb5 axb5 29. Kd2 Kc7 30. Ra1 Ra8 31. Ra3 Rxa3 32. bxa3 Ra8 33. Bc5 Kc6 34. Bb4 Bg8 35. Ke3 b6 36. f4 exf4+ 37. Kxf4 Be6 38. d4 Kd7 39. d5 Bf7 40. Ke3 Rc8 41. c3 Rc4 42. Rf1 Bg6 43. Rf4 Ke8 44. Kf3 Bh7 45. Ke3 Bg6 46. Kf3 Bh7 47. e5 Rxf4+ 48. Kxf4 fxe5+ 49. Kxe5 Kd7 50. Bf8 h5 51. gxh5 g5 52. Bh6 g4 53. Bf4 Bd3 54. h6 Ke7 55. d6+ Kd7 56. Kf6 Be4 57. Kg7 Ke6 58. h7 1-0


[Site "https://www.chess.com"]

[Event "Titled Tuesday Blitz October 12 2021"]
[White "Sadovsky, Artem"]
[Black "Kovalev, Vladislav"]
[WhiteFideId "4155840"]
[BlackFideId "13504398"]
[WhiteElo "2370"]
[BlackElo "2573"]
[Result "1-0"]
[Round "02"]
[TimeControl "180+1"]
[Date "2021.10.12"]
[WhiteClock "0:00:19"]
[BlackClock "0:00:02"]

1. Nf3 Nf6 2. g3 g6 3. Bg2 Bg7 4. O-O O-O 5. c4 d6 6. b3 e5 7. Bb2 Re8 8. Ne1 c5 9. Nc3 Nc6 10. Nc2 h5 11. Nd5 Nxd5 12. cxd5 Ne7 13. f4 Nf5 14. e4 Nd4 15. Nxd4 cxd4 16. d3 Bd7 17. Rc1 Rc8 18. Rxc8 Qxc8 19. Qd2 Bh6 20. Rc1 Qd8 21. Qb4 Qe7 22. Rf1 Rc8 23. fxe5 Be3+ 24. Kh1 Qxe5 25. Qxb7 Qe8 26. Qxa7 Ra8 27. Qb6 Rxa2 28. Bxd4 Bxd4 29. Qxd4 h4 30. gxh4 Qe7 31. Qf6 Qxf6 32. Rxf6 Ra1+ 33. Rf1 Ra2 34. Rb1 Bb5 35. d4 Rd2 36. e5 Rxd4 37. exd6 Kf8 38. Re1 Rd2 39. Bf1 Bxf1 40. d7 Rxd5 41. Re8+ Kg7 42. d8=Q Rxd8 43. Rxd8 Be2 44. Kg1 Kf6 45. b4 Ke7 46. Rd2 Bb5 47. Kf2 Ke6 48. Kg3 1-0


[Site "https://www.chess.com"]

[Event "Titled Tuesday Blitz October 12 2021"]
[White "Saya, Ethan"]
[Black "Bluebaum, Matthias"]
[WhiteFideId "26095181"]
[BlackFideId "24651516"]
[WhiteElo "2217"]
[BlackElo "2681"]
[Result "0-1"]
[Round "02"]
[TimeControl "180+1"]
[Date "2021.10.12"]
[WhiteClock "0:00:02"]
[BlackClock "0:00:26"]

1. e4 e6 2. d4 d5 3. exd5 exd5 4. Nf3 Nc6 5. Bb5 a6 6. Bxc6+ bxc6 7. O-O Bd6 8. Re1+ Ne7 9. Ne5 O-O 10. Bf4 f6 11. Nd3 Ng6 12. Bxd6 Qxd6 13. Nd2 a5 14. Qf3 Nh4 15. Qg3 Nf5 16. Qxd6 cxd6 17. c3 Ba6 18. Nf4 Rae8 19. a4 g5 20. Nh5 Kf7 21. Ng3 Nxg3 22. hxg3 Rb8 23. b3 Rfe8 24. f3 c5 25. dxc5 dxc5 26. Kf2 Kg6 27. g4 h5 28. gxh5+ Kxh5 29. g4+ Kg6 30. Rxe8 Rxe8 31. Re1 Rxe1 32. Kxe1 f5 33. Kf2 Kf6 34. gxf5 Kxf5 35. Nf1 Bxf1 36. Kxf1 Kf4 37. Ke2 d4 38. cxd4 cxd4 39. b4 axb4 40. a5 b3 41. Kd3 b2 42. Kc2 d3+ 43. Kxb2 Ke3 44. a6 d2 45. a7 d1=Q 46. a8=Q Qxf3 47. Qe8+ Qe4 48. Qg8 g4 49. Kc1 Kf2 50. Qf7+ Qf3 51. Qg6 g3 52. Kd2 Qe3+ 53. Kd1 g2 54. Qf6+ Qf3+ 55. Qxf3+ Kxf3 56. Ke1 g1=Q+ 0-1


[Site "https://www.chess.com"]

[Event "Titled Tuesday Blitz October 12 2021"]
[White "Shipov, Sergei"]
[Black "Novik, Maxim"]
[WhiteFideId "4113624"]
[BlackFideId "4102924"]
[WhiteElo "2826"]
[BlackElo "2316"]
[Result "1-0"]
[Round "02"]
[TimeControl "180+1"]
[Date "2021.10.12"]
[WhiteClock "0:01:20"]
[BlackClock "0:00:09"]

1. d4 Nf6 2. c4 g6 3. Nc3 d5 4. cxd5 Nxd5 5. Nf3 Bg7 6. Bg5 h6 7. Bh4 c5 8. Rc1 O-O 9. Nxd5 Qxd5 10. Rxc5 Qxa2 11. e3 Nc6 12. Bc4 Qxb2 13. O-O e6 14. Qd3 Qb6 15. Rb1 Qc7 16. h3 Bd7 17. d5 exd5 18. Bxd5 Rac8 19. Qxg6 Kh8 20. Bxf7 Be8 21. Ng5 Bxf7 22. Qh7# 1-0


[Site "https://www.chess.com"]

[Event "Titled Tuesday Blitz October 12 2021"]
[White "Silich, Yahor"]
[Black "Vokhidov, Shamsiddin"]
[WhiteFideId "13513656"]
[BlackFideId "14204223"]
[WhiteElo "2070"]
[BlackElo "2616"]
[Result "0-1"]
[Round "02"]
[TimeControl "180+1"]
[Date "2021.10.12"]
[WhiteClock "0:00:01"]
[BlackClock "0:01:28"]

1. e4 c5 2. Nf3 Nc6 3. Bb5 e6 4. O-O Nge7 5. Re1 Nd4 6. Nc3 a6 7. Bd3 Nxf3+ 8. Qxf3 Nc6 9. Qg3 d6 10. b3 g6 11. Bb2 Bg7 12. Nd1 Bxb2 13. Nxb2 O-O 14. Nc4 e5 15. Ne3 Kh8 16. c3 f5 17. exf5 gxf5 18. f4 Be6 19. Bc4 d5 20. Bf1 Qc7 21. c4 exf4 22. Nxd5 Bxd5 23. Qc3+ Nd4 24. cxd5 f3 25. b4 Qf4 26. bxc5 f2+ 27. Kh1 fxe1=Q 28. Rxe1 Rae8 29. Rb1 Re5 30. d6 Qe4 31. Rc1 Nc6 32. h3 Qd4 33. Qg3 Rxc5 34. Re1 f4 35. Qh4 Qxd6 36. Rb1 Qf6 37. Qf2 Qd4 0-1


[Site "https://www.chess.com"]

[Event "Titled Tuesday Blitz October 12 2021"]
[White "Sokolovsky, Yahli"]
[Black "Warmerdam, Max"]
[WhiteFideId "2820242"]
[BlackFideId "1048104"]
[WhiteElo "1770"]
[BlackElo "2537"]
[Result "1-0"]
[Round "02"]
[TimeControl "180+1"]
[Date "2021.10.12"]
[WhiteClock "0:00:08"]
[BlackClock "0:00:15"]

1. b3 d5 2. Bb2 Bg4 3. h3 Bh5 4. Nf3 e6 5. g4 Bg6 6. d3 a5 7. a4 Nd7 8. Bg2 Ngf6 9. Nh4 Bd6 10. Nd2 O-O 11. Nxg6 hxg6 12. O-O c6 13. e4 Bf4 14. Qe2 Qc7 15. Nf3 c5 16. e5 Nh7 17. Rfe1 Rfc8 18. Nd2 g5 19. Nf3 Nhf8 20. Bc1 Bxc1 21. Raxc1 Ng6 22. Nxg5 Ndxe5 23. Qd2 Nc6 24. Qe3 Nd4 25. c3 Nxb3 26. Rb1 c4 27. Nxe6 fxe6 28. Qxe6+ Kh7 29. Qf5 Qf4 30. Bxd5 Qxf5 31. gxf5 Nf4 32. dxc4 Nd2 33. Rbd1 Nxc4 34. Bxb7 Rab8 35. Bxc8 Rxc8 36. Kh2 Nb6 37. Re3 Nfd5 38. Re5 Nxc3 39. Rc1 Nbxa4 40. Rxa5 Rd8 41. Rc2 Rd4 42. Kg3 Ne4+ 43. Kg2 Nf6 44. Rc7 Nh5 45. Kf1 Nb6 46. f6 Nxf6 47. Rg5 Nbd7 48. Ra5 Nf8 49. Raa7 Nh5 50. Ke2 Ng6 51. Rc5 Rh4 52. Raa5 Ngf4+ 53. Kf3 g6 54. Rc7+ Kh6 55. Raa7 Rxh3+ 56. Kg4 Nf6+ 57. Kxf4 Rh4+ 58. Kg3 Rb4 59. Rc6 Nh5+ 60. Kg2 Rg4+ 61. Kf3 Rf4+ 62. Ke3 Rg4 63. Raa6 Rg1 64. Rc4 Ng7 65. Kf3 Nf5 66. Rg4 Nd4+ 67. Rxd4 Rg5 68. Rg4 Rf5+ 69. Kg3 Kh5 70. Rgxg6 Rb5 71. Rh6+ Kg5 72. Rag6+ Kf5 73. Rg8 Rb3+ 74. Kg2 Rb1 75. Rh5+ Kf6 76. Rh3 Kf7 77. Rg4 Rb6 78. Rf3+ Ke7 79. Re4+ Kd7 80. Rd3+ 1-0


[Site "https://www.chess.com"]

[Event "Titled Tuesday Blitz October 12 2021"]
[White "Stoleriu, George"]
[Black "Tabatabaei, M. Amin"]
[WhiteFideId "1227505"]
[BlackFideId "12521213"]
[WhiteElo "2199"]
[BlackElo "2555"]
[Result "0-1"]
[Round "02"]
[TimeControl "180+1"]
[Date "2021.10.12"]
[WhiteClock "0:00:07"]
[BlackClock "0:00:22"]

1. e4 b6 2. d4 e6 3. Nf3 d5 4. e5 c5 5. c3 Qd7 6. Bd3 Ba6 7. O-O Bxd3 8. Qxd3 Ne7 9. a4 Nbc6 10. Na3 Nf5 11. g4 c4 12. Qe2 Nfe7 13. Nh4 h5 14. gxh5 g6 15. Nb5 Nc8 16. h6 a6 17. Na3 Bxh6 18. Bxh6 Rxh6 19. Ng2 N8e7 20. Nc2 Nf5 21. Nce3 Nce7 22. b3 cxb3 23. Rfb1 Qc6 24. Rxb3 Kf8 25. Ng4 Rh3 26. f3 Kg7 27. Nf4 Rh4 28. Ng2 Rh7 29. Nf6 Rh3 30. Nf4 Rh4 31. Ng2 Rh6 32. Ng4 Rhh8 33. Nf6 Ng8 34. Rab1 Nxf6 35. exf6+ Kg8 36. Rxb6 Qxc3 37. Rb8+ Kh7 38. Rxh8+ Kxh8 39. Rb7 Qxd4+ 40. Qf2 Qxf6 41. h4 Rc8 42. Kh2 Kg7 43. Ra7 Rh8 44. Rxa6 Nxh4 45. Nxh4 Rxh4+ 46. Kg1 Qg5+ 47. Kf1 Rh1+ 48. Ke2 Qe5+ 49. Kd2 Qb2+ 50. Ke3 Qc3+ 51. Kf4 Qc4+ 0-1


[Site "https://www.chess.com"]

[Event "Titled Tuesday Blitz October 12 2021"]
[White "Terry, Renato"]
[Black "Guz, Ari"]
[WhiteFideId "3803457"]
[BlackFideId "2825759"]
[WhiteElo "2577"]
[BlackElo "1913"]
[Result "1-0"]
[Round "02"]
[TimeControl "180+1"]
[Date "2021.10.12"]
[WhiteClock "0:00:05"]
[BlackClock "0:00:46"]

1. e4 c5 2. Nf3 e6 3. Nc3 a6 4. g3 b5 5. Bg2 Bb7 6. d3 d6 7. O-O Nf6 8. Ng5 Qc7 9. f4 Nbd7 10. Be3 h6 11. Nh3 Be7 12. g4 d5 13. exd5 Nxd5 14. Nxd5 Bxd5 15. Bxd5 exd5 16. Qf3 Nb6 17. f5 Bf6 18. Bf4 Qc6 19. Rae1+ Kf8 20. b3 Re8 21. Bg3 Bc3 22. Rxe8+ Kxe8 23. Nf4 Kd7 24. Ne2 Bf6 25. d4 Re8 26. Bf2 c4 27. Ng3 a5 28. Nh5 b4 29. h3 Re4 30. Ng3 Re8 31. Kg2 Nc8 32. c3 bxc3 33. Qxc3 Nd6 34. Qxa5 Ra8 35. Qd2 c3 36. Qc2 Nb5 37. Ne2 Na3 38. Qxc3 Qa6 39. Nf4 Nb5 40. Qf3 Nc7 41. Nxd5 Nxd5 42. Qxd5+ Ke8 43. a4 Kf8 44. Rc1 Rd8 45. Qc4 Qb7+ 46. d5 Kg8 47. Rd1 Rc8 48. Qb5 Qa8 49. Rd2 Bg5 50. Re2 Rd8 51. Qc6 Qb8 52. Qc4 Qb7 53. b4 Rxd5 54. Qe4 Qd7 55. Qe8+ Qxe8 56. Rxe8+ Kh7 57. b5 Rd2 58. Kf1 Ra2 59. b6 Ra1+ 60. Kg2 Rxa4 61. b7 Bf4 62. b8=Q Bxb8 63. Rxb8 g6 64. Rb7 Kg7 65. Rb5 gxf5 66. Rxf5 Kg6 67. Bh4 Ra6 68. Kg3 Ra3+ 69. Rf3 Ra6 70. Rf5 Ra3+ 71. Kg2 Ra2+ 72. Bf2 Ra6 73. h4 Ra4 74. h5+ Kg7 75. Kf3 Ra3+ 76. Be3 Rb3 77. Ke4 Rb1 78. Bd4+ Kg8 79. Rf6 Re1+ 80. Be3 Kg7 81. Ra6 Rb1 82. Bxh6+ Kh7 83. Be3 Rb4+ 84. Kf5 Rb5+ 85. Kf6 Rb4 86. Kg5 Rb5+ 87. Kh4 Rb3 88. Bg5 Rb4 89. Rh6+ Kg7 90. Rc6 f5 91. h6+ Kg8 92. Kh5 fxg4 93. Kg6 Rb8 94. h7+ Kh8 95. Bf6# 1-0


[Site "https://www.chess.com"]

[Event "Titled Tuesday Blitz October 12 2021"]
[White "Tologon tegin, Semetei"]
[Black "Perez Ponsa, Federico"]
[WhiteFideId "13800574"]
[BlackFideId "117927"]
[WhiteElo "2224"]
[BlackElo "2672"]
[Result "0-1"]
[Round "02"]
[TimeControl "180+1"]
[Date "2021.10.12"]
[WhiteClock "0:00:04"]
[BlackClock "0:02:25"]

1. d4 Nf6 2. c4 g6 3. Nc3 Bg7 4. e4 d6 5. Nf3 O-O 6. Be2 e5 7. O-O Nc6 8. d5 Ne7 9. b4 a5 10. bxa5 c5 11. Nd2 Rxa5 12. a4 Ne8 13. Nb3 Ra6 14. Nb5 f5 15. f3 f4 16. Bd2 g5 17. Be1 Nf6 18. Bf2 Ng6 19. h3 h5 20. Nxc5 dxc5 21. Bxc5 g4 22. hxg4 hxg4 23. fxg4 Nxe4 24. Bxf8 Bxf8 25. d6 Rxd6 26. Nxd6 Bxd6 27. Qd5+ Kg7 28. Qxe4 Bc5+ 29. Rf2 Bd7 30. Rf1 Bc6 31. Bd3 Bxe4 32. Bxe4 Nh4 0-1


[Site "https://www.chess.com"]

[Event "Titled Tuesday Blitz October 12 2021"]
[White "Van Foreest, Jorden"]
[Black "Bazarov, Konstantin"]
[WhiteFideId "1039784"]
[BlackFideId "4137000"]
[WhiteElo "2600"]
[BlackElo "2084"]
[Result "1-0"]
[Round "02"]
[TimeControl "180+1"]
[Date "2021.10.12"]
[WhiteClock "0:01:27"]
[BlackClock "0:00:11"]

1. d4 d5 2. c4 c6 3. Nf3 Nf6 4. g3 dxc4 5. Bg2 Nbd7 6. O-O Nb6 7. b3 cxb3 8. axb3 g6 9. Nc3 Bg7 10. e4 Bg4 11. h3 Bxf3 12. Bxf3 O-O 13. Be3 e5 14. dxe5 Nfd7 15. Be2 Bxe5 16. Qc2 Qf6 17. Rac1 Rfe8 18. Na4 Bd4 19. Bxd4 Qxd4 20. Nc3 Nf6 21. Rfd1 Qc5 22. Nd5 Nxe4 23. Nf6+ Kf8 24. Qxc5+ Nxc5 25. Nxe8 Rxe8 26. Bf1 Nxb3 27. Rc3 Na5 28. Ra3 Re5 29. Rda1 Nbc4 30. Ra4 Rc5 31. Rc1 b6 32. Bxc4 Kg7 33. Rc2 b5 34. Rxa5 1-0


[Site "https://www.chess.com"]

[Event "Titled Tuesday Blitz October 12 2021"]
[White "Yeletsky, Ivan"]
[Black "Ismagilov, Damir"]
[WhiteFideId "24180327"]
[BlackFideId "34199982"]
[WhiteElo "2352"]
[BlackElo "2034"]
[Result "1-0"]
[Round "02"]
[TimeControl "180+1"]
[Date "2021.10.12"]
[WhiteClock "0:01:11"]
[BlackClock "0:01:13"]

1. e4 c5 2. c3 Nf6 3. d3 d6 4. f4 g6 5. Nf3 Bg7 6. g3 O-O 7. Bg2 b5 8. O-O Bb7 9. Qe2 Nc6 10. h3 a5 11. Be3 b4 12. g4 Ba6 13. Nbd2 h5 14. Ng5 hxg4 15. hxg4 Nh7 16. Nxh7 Kxh7 17. Rac1 e5 18. f5 Qh4 19. Nf3 Qd8 20. g5 Kg8 21. f6 Bh8 22. c4 Bc8 23. Nd2 Be6 24. Qf2 Qd7 25. Qh4 Bg4 26. Bf3 Bh3 27. Rf2 Nd4 28. Bxd4 exd4 29. Rh2 Bxf6 30. gxf6 1-0


[Site "https://www.chess.com"]

[Event "Titled Tuesday Blitz October 12 2021"]
[White "Yilmaz, Mustafa"]
[Black "Barp, Alberto"]
[WhiteFideId "6302718"]
[BlackFideId "872555"]
[WhiteElo "2518"]
[BlackElo "2229"]
[Result "1-0"]
[Round "02"]
[TimeControl "180+1"]
[Date "2021.10.12"]
[WhiteClock "0:00:19"]
[BlackClock "0:00:08"]

1. c4 Nf6 2. Nc3 e6 3. e4 c5 4. e5 Ng8 5. d4 cxd4 6. Qxd4 Nc6 7. Qf4 d6 8. Nf3 Nge7 9. exd6 Ng6 10. Qe4 Bxd6 11. Be2 O-O 12. O-O a6 13. Rd1 Qc7 14. b3 b6 15. Bb2 Bb7 16. Qg4 f5 17. Qg5 Be7 18. Qe3 Nf4 19. Bf1 Bc5 20. Qe1 Rae8 21. Rac1 Qf7 22. Na4 Qh5 23. Nxc5 bxc5 24. Qe3 Qg4 25. Rd7 Re7 26. Rcd1 Nd4 27. Rxe7 Nxf3+ 28. Kh1 Nd4 29. f3 Qh4 30. Rxb7 1-0


[Site "https://www.chess.com"]

[Event "Titled Tuesday Blitz October 12 2021"]
[White "Yoo, Christopher Woojin"]
[Black "Erdogmus, Yagiz Kaan"]
[WhiteFideId "30909694"]
[BlackFideId "44599790"]
[WhiteElo "2105"]
[BlackElo "1783"]
[Result "0-1"]
[Round "02"]
[TimeControl "180+1"]
[Date "2021.10.12"]
[WhiteClock "0:00:02"]
[BlackClock "0:00:16"]

1. d4 Nf6 2. c4 g6 3. Nf3 Bg7 4. Nc3 O-O 5. Bg5 d6 6. Qd2 Nbd7 7. e4 e5 8. Bd3 exd4 9. Nxd4 Nc5 10. O-O h6 11. Bh4 Nfxe4 12. Bxe4 Qxh4 13. Rfe1 Re8 14. Nf3 Qd8 15. Bc2 Be6 16. b3 c6 17. Rad1 Qa5 18. Nd4 Bg4 19. f3 Ne6 20. Nde2 Bf5 21. Bxf5 gxf5 22. Kh1 Rad8 23. Rb1 d5 24. cxd5 Rxd5 25. Qc2 Rd7 26. b4 Qe5 27. Na4 Nd4 28. Qd3 Rde7 29. Nac3 Nxe2 30. Nxe2 Qb5 31. Qb3 Rxe2 0-1


[Site "https://www.chess.com"]

[Event "Titled Tuesday Blitz October 12 2021"]
[White "Zhalmakhanov, Ramazan"]
[Black "Sargsyan, Anna M."]
[WhiteFideId "13706357"]
[BlackFideId "13308130"]
[WhiteElo "2531"]
[BlackElo "2263"]
[Result "1-0"]
[Round "02"]
[TimeControl "180+1"]
[Date "2021.10.12"]
[WhiteClock "0:00:02"]
[BlackClock "0:00:02"]

1. d4 d5 2. Nc3 Nf6 3. Bf4 c6 4. e3 h6 5. Nf3 Bf5 6. Bd3 Bxd3 7. cxd3 Nbd7 8. O-O e6 9. h3 Bb4 10. a3 Ba5 11. b4 Bc7 12. Ne5 O-O 13. Rc1 Qb8 14. Nxd7 Nxd7 15. Ne2 Bxf4 16. Nxf4 e5 17. dxe5 Qxe5 18. d4 Qg5 19. Nd3 Nf6 20. Nc5 Rab8 21. Qf3 Rfe8 22. Rc2 a6 23. a4 Ne4 24. Rb1 Nd6 25. Qg4 Qxg4 26. hxg4 Nc4 27. Rb3 b5 28. a5 Ra8 29. Kh2 f6 30. Kg3 Kf7 31. Rc1 Kg6 32. Rbc3 Kf7 33. Rh1 Kg6 34. Re1 Kf7 35. Kf3 Kg6 36. Ke2 Kf7 37. Kd3 Ra7 38. Rec1 Nb2+ 39. Ke2 Nc4 40. Rh1 Raa8 41. Ra1 Ra7 42. Rb1 Raa8 43. Rbc1 Ra7 44. Rd1 Kg6 45. Rh1 Kf7 46. Kd3 Nb2+ 47. Kc2 Nc4 48. Re1 Nd6 49. f3 Nc4 50. e4 dxe4 51. fxe4 Rd8 52. Rd3 Raa8 53. e5 fxe5 54. Rf3+ Kg6 55. dxe5 Rd2+ 56. Kc3 Rxg2 57. e6 Nd2 58. Rf4 Re8 59. e7 Nc4 60. Rf8 Rg3+ 61. Nd3 Nd6 62. Re6+ Kh7 63. Rxd6 Rxe7 64. Rxc6 Rxg4 65. Rd6 Rc4+ 66. Kd2 Rec7 67. Ra8 Rc2+ 68. Ke3 Re7+ 69. Kd4 Rc4+ 70. Kd5 Ree4 71. Nc5 Red4+ 72. Kc6 Rxb4 73. Nxa6 Rbc4+ 74. Nc5 1-0


[Site "https://www.chess.com"]

[Event "Titled Tuesday Blitz October 12 2021"]
[White "Zhigalko, Sergei"]
[Black "Mezentsev, Ivan"]
[WhiteFideId "13502956"]
[BlackFideId "13706195"]
[WhiteElo "2662"]
[BlackElo "2295"]
[Result "1-0"]
[Round "02"]
[TimeControl "180+1"]
[Date "2021.10.12"]
[WhiteClock "0:00:13"]
[BlackClock "0:00:06"]

1. e4 e6 2. d4 d5 3. e5 c5 4. c3 Nc6 5. Nf3 Qb6 6. a3 c4 7. Nbd2 Na5 8. Be2 Bd7 9. O-O h6 10. h4 O-O-O 11. h5 Ne7 12. Rb1 Kb8 13. Re1 g6 14. Qc2 Rg8 15. Nf1 Nb3 16. Bf4 Ba4 17. Bd1 Nf5 18. Qe2 g5 19. Bh2 g4 20. N3d2 Nxd2 21. Qxd2 Bxd1 22. Qxd1 Be7 23. Ne3 Nxe3 24. Rxe3 Bg5 25. Re1 a6 26. Qe2 Qc6 27. Red1 Be7 28. Bf4 Qd7 29. g3 Bg5 30. Qxg4 Bxf4 31. Qxf4 Rg5 32. g4 Rdg8 33. f3 Qa4 34. Kf2 Qc2+ 35. Qd2 Qh7 36. Rbc1 Qg7 37. Rg1 f6 38. exf6 Qxf6 39. Ke2 e5 40. Rcf1 exd4 41. Qxd4 Qe6+ 42. Kd2 Qc6 43. Re1 Ka8 44. Re3 Qb5 45. Kc1 Rd8 46. Rge1 Rgg8 47. Re5 Rgf8 48. R1e3 Qb3 49. Re6 Qa2 50. Kc2 Qa1 51. Qd1 Qa2 52. Re7 d4 53. cxd4 Rc8 54. Rc3 Rfd8 55. d5 Rd6 56. Qd4 Rcd8 57. Qxc4 Rxd5 58. Qxa2 Rd2+ 59. Kb3 R2d6 60. Qb1 Rb6+ 61. Ka2 Rbd6 62. Qe4 Rb6 63. Rb3 Rxb3 64. Kxb3 Rb8 65. f4 Ka7 66. Qe3+ Ka8 67. f5 Rc8 68. Re8 Rxe8 69. Qxe8+ Ka7 70. Qe3+ Ka8 71. f6 Kb8 72. f7 Kc7 73. Qc5+ Kd7 74. f8=Q b6 75. Qcd6# 1-0


[Site "https://www.chess.com"]

[Event "Titled Tuesday Blitz October 12 2021"]
[White "Amgalantengis, Enkh-Amgalan"]
[Black "Hansen, Eric"]
[WhiteFideId "4903536"]
[BlackFideId "2606771"]
[WhiteElo "1716"]
[BlackElo "2568"]
[Result "0-1"]
[Round "03"]
[TimeControl "180+1"]
[Date "2021.10.12"]
[WhiteClock "0:02:42"]
[BlackClock "0:01:41"]

1. e4 e5 2. Nf3 Nc6 3. Bc4 Bc5 4. c3 Nf6 5. d4 exd4 6. cxd4 Bb4+ 7. Bd2 Bxd2+ 8. Nbxd2 d5 9. exd5 Ne7 10. O-O O-O 11. Re1 Nexd5 12. Ne5 c6 13. Ne4 Nxe4 14. Rxe4 Bf5 15. Re1 Be6 16. Qb3 Qb6 17. Bxd5 cxd5 18. Qxb6 axb6 19. a3 Rfc8 0-1


[Site "https://www.chess.com"]

[Event "Titled Tuesday Blitz October 12 2021"]
[White "Aslanov, Umid"]
[Black "Maksimovic, Bojan"]
[WhiteFideId "13412620"]
[BlackFideId "14408120"]
[WhiteElo "1796"]
[BlackElo "2439"]
[Result "0-1"]
[Round "03"]
[TimeControl "180+1"]
[Date "2021.10.12"]
[WhiteClock "0:00:10"]
[BlackClock "0:00:10"]

1. e4 c5 2. Nf3 Nc6 3. d4 cxd4 4. Nxd4 Nf6 5. Nc3 e5 6. Ndb5 d6 7. Bg5 a6 8. Na3 b5 9. Nd5 Be7 10. Bxf6 Bxf6 11. c3 O-O 12. Nc2 Rb8 13. a4 bxa4 14. Rxa4 Rxb2 15. Bxa6 Be6 16. Nxf6+ Qxf6 17. Bc4 Nb4 18. cxb4 Bxc4 19. Qc1 Qg6 20. Qxb2 Qxg2 21. Ne3 Qxh1+ 22. Kd2 Qxe4 23. b5 Qd3+ 24. Kc1 Bxb5 25. Rb4 Rc8+ 26. Nc2 Qf1+ 27. Kd2 Qxf2+ 28. Kd1 Be2+ 29. Kc1 Qe1# 0-1


[Site "https://www.chess.com"]

[Event "Titled Tuesday Blitz October 12 2021"]
[White "Bluebaum, Matthias"]
[Black "Djordjevic, Vuk"]
[WhiteFideId "24651516"]
[BlackFideId "902098"]
[WhiteElo "2681"]
[BlackElo "2463"]
[Result "0-1"]
[Round "03"]
[TimeControl "180+1"]
[Date "2021.10.12"]
[WhiteClock "0:00:27"]
[BlackClock "0:00:07"]

1. d4 Nf6 2. Nf3 e6 3. Bf4 d5 4. e3 Bd6 5. Ne5 O-O 6. Nd2 c5 7. c3 Qc7 8. Bd3 Nc6 9. Ndf3 b6 10. h4 Bb7 11. h5 h6 12. g4 Ne4 13. Nxc6 Bxf4 14. exf4 Bxc6 15. Qc1 f5 16. g5 hxg5 17. Nxg5 Nxg5 18. fxg5 e5 19. dxe5 Qxe5+ 20. Qe3 Qd6 21. O-O-O d4 22. Bc4+ Kh8 23. Rhf1 Rae8 24. Qd2 Bf3 25. Rde1 Bxh5 26. f4 g6 27. cxd4 Qxd4 28. Qxd4+ cxd4 29. Kd2 Kg7 30. Bb5 Re4 31. Bd3 Ree8 32. Rxe8 Rxe8 33. Rc1 Re7 34. Rc4 Rd7 35. Rc8 Bf3 36. Bb5 Re7 37. Rd8 Re4 38. Rd7+ Kf8 39. Rd6 Rxf4 40. Rxg6 Be4 41. Bc4 Rf2+ 42. Ke1 Rxb2 43. Rg8+ Ke7 44. Rg7+ Kd6 45. g6 d3 46. Bb3 d2+ 47. Ke2 Bf3+ 48. Kxf3 Rxb3+ 49. axb3 d1=Q+ 50. Ke3 Qc1+ 51. Kf2 Qb2+ 52. Kf3 Qxg7 0-1


[Site "https://www.chess.com"]

[Event "Titled Tuesday Blitz October 12 2021"]
[White "Budrewicz, Krzysztof"]
[Black "Rustemov, Alexander"]
[WhiteFideId "1127950"]
[BlackFideId "4119002"]
[WhiteElo "2242"]
[BlackElo "2805"]
[Result "1/2-1/2"]
[Round "03"]
[TimeControl "180+1"]
[Date "2021.10.12"]
[WhiteClock "0:00:35"]
[BlackClock "0:00:05"]

1. d4 d5 2. c4 dxc4 3. e4 Nf6 4. e5 Nd5 5. Bxc4 Nb6 6. Bd3 Nc6 7. Ne2 Be6 8. Nbc3 Qd7 9. Be3 O-O-O 10. Be4 Bc4 11. Qc2 Nb4 12. Qb1 e6 13. O-O Kb8 14. Rd1 N4d5 15. Qc2 Be7 16. b3 Ba6 17. a4 c6 18. a5 Na8 19. Nxd5 cxd5 20. Bd3 Rc8 21. Qd2 Bxd3 22. Qxd3 Nc7 23. f4 g6 24. g4 Qb5 25. f5 Qxd3 26. Rxd3 gxf5 27. gxf5 Rhg8+ 28. Kh1 Rg4 29. Rf1 Rcg8 30. Ng3 a6 31. fxe6 fxe6 32. Bh6 R8g6 33. Bd2 Nb5 34. Rf7 Rg7 35. Rxg7 Rxg7 36. Nh5 Rf7 37. Nf4 Nc7 38. Kg2 Bg5 39. Nh5 Bxd2 40. Rxd2 Nb5 41. Nf6 Na7 42. Rd3 Nc6 43. Kf2 Nxa5 44. Rh3 Nc6 45. Ke3 Kc7 46. Rxh7 Rxh7 47. Nxh7 Kd7 48. Nf6+ Ke7 49. h4 Na5 50. b4 Nc6 51. b5 axb5 52. Kd3 Kf7 53. Nd7 b4 54. Nc5 b6 55. Nd7 b3 56. Nxb6 b2 57. Kc2 Nxd4+ 58. Kxb2 Nf3 59. h5 Nxe5 60. Kc3 Ng4 61. Kd4 Kf6 62. Nxd5+ exd5 63. Kxd5 Kg5 64. h6 Nxh6 1/2-1/2


[Site "https://www.chess.com"]

[Event "Titled Tuesday Blitz October 12 2021"]
[White "Costachi, Mihnea"]
[Black "Khusnutdinov, Rustam"]
[WhiteFideId "1217518"]
[BlackFideId "13701703"]
[WhiteElo "2482"]
[BlackElo "2571"]
[Result "0-1"]
[Round "03"]
[TimeControl "180+1"]
[Date "2021.10.12"]
[WhiteClock "0:00:10"]
[BlackClock "0:00:13"]

1. d4 d5 2. c4 e6 3. Nc3 a6 4. cxd5 exd5 5. Qb3 Nf6 6. Bg5 c5 7. e3 c4 8. Qc2 Be6 9. Nf3 Be7 10. Be2 Nc6 11. O-O O-O 12. Ne5 Nxe5 13. dxe5 Nd7 14. Bxe7 Qxe7 15. Bf3 Nxe5 16. Bxd5 Bxd5 17. Nxd5 Qc5 18. Rfd1 Rfd8 19. Nf4 b5 20. Rxd8+ Rxd8 21. Rd1 Rd6 22. h3 g6 23. a3 a5 24. Rxd6 Qxd6 25. Qe4 Kg7 26. Nd5 Nc6 27. h4 Qe5 28. Qxe5+ Nxe5 29. Nc3 b4 30. axb4 axb4 31. Nd5 Nd3 32. Kf1 b3 33. Ke2 Nxb2 34. Kd2 Nd3 35. Nb6 Nxf2 36. Nxc4 Kf6 37. Kc3 Kf5 38. Nd6+ Ke6 39. Nc4 b2 40. Nxb2 Kf5 41. Nc4 f6 42. Nd6+ Kg4 43. Ne8 Ne4+ 44. Kd4 f5 45. Ke5 Kxh4 46. Kf4 Ng3 47. Nd6 Nh5+ 48. Kf3 Nf6 49. Nf7 Kh5 50. Kf4 Nd5+ 51. Kf3 g5 52. Nd6 Ne7 53. e4 f4 54. e5 Kg6 55. Ke4 h5 56. Nc4 Nf5 57. Nd2 Nh4 58. Kd5 Nxg2 59. e6 Ne3+ 60. Ke5 Nf5 61. Nf3 h4 62. Nh2 h3 63. Ng4 Ne7 64. Kd6 Ng8 65. Ke5 f3 66. Ke4 Nf6+ 67. Kxf3 Nxg4 68. e7 Kf7 69. Kxg4 h2 70. e8=Q+ Kxe8 71. Kg3 h1=Q 0-1


[Site "https://www.chess.com"]

[Event "Titled Tuesday Blitz October 12 2021"]
[White "Deac, Bogdan-Daniel"]
[Black "Ozen, Bahadir"]
[WhiteFideId "1226380"]
[BlackFideId "6337058"]
[WhiteElo "2605"]
[BlackElo "2503"]
[Result "0-1"]
[Round "03"]
[TimeControl "180+1"]
[Date "2021.10.12"]
[WhiteClock "0:00:01"]
[BlackClock "0:00:05"]

1. e4 c6 2. Nf3 d5 3. d3 Bg4 4. h3 Bh5 5. Qe2 e6 6. g4 Bg6 7. h4 h6 8. Nc3 Bb4 9. Bd2 Ne7 10. a3 Ba5 11. Ne5 Nd7 12. Nxg6 Nxg6 13. h5 Ne7 14. f4 d4 15. Nd1 e5 16. c3 c5 17. b4 dxc3 18. Bxc3 cxb4 19. axb4 Bc7 20. fxe5 Bxe5 21. d4 Bg3+ 22. Kd2 Bf4+ 23. Kc2 Rc8 24. Qf2 Qc7 25. Kb2 O-O 26. Rh3 Nf6 27. Qg2 Rfd8 28. Rd3 Nc6 29. b5 Qb6 30. Ra3 Nxd4 31. Qf2 Be5 32. Ka2 Nxe4 33. Qe3 Qe6+ 34. Kb1 Nxc3+ 35. Rdxc3 Qxg4 36. Nb2 Qf5+ 37. Bd3 Qxh5 38. Qe4 g6 39. Qxb7 Rxc3 40. Rxc3 Ne6 41. Rc8 Rxc8 42. Qxc8+ Kg7 43. Nc4 Qh1+ 44. Ka2 Qd5 45. Bc2 Bf6 46. Bb3 Qd4 47. Ka3 Qa1+ 48. Kb4 Qc3+ 49. Ka3 Nd4 0-1


[Site "https://www.chess.com"]